| TOP OF THE 1ST |
|
Pompano Beach Stingrays batting - Pitching for West Palm Beach Expos : RHP Bob L Gibson
|
|
Pitching: RHP Bob L Gibson
|
|
|
Batting: RHB Jorge Villalobos
|
0-0: Called Strike 0-1: Called Strike 0-2: SINGLE (Groundball, 6S, EV 60.6 MPH) (infield hit)
|
|
Batting: SHB Gene Roof
|
0-0: Called Strike Jorge Villalobos steals 2nd base (no throw) 0-1: Foul Ball, location: 2F 0-2: Foul Ball, location: 2F 0-2: Strikes out looking
|
|
Batting: RHB Lance Junker
|
0-0: Ball 1-0: Called Strike 1-1: Swinging Strike 1-2: Ball 2-2: Strikes out looking
|
|
Batting: LHB Arnold McCrary
|
0-0: Ball 1-0: Ball 2-0: Ball 3-0: Base on Balls
|
|
Batting: RHB Mark Strucher
|
0-0: Ball 1-0: Ball 2-0: Called Strike 2-1: Ball 3-1: Ground out 4-3 (Groundball, 4, EV 85.6 MPH)
|
| Top of the 1st over - 0 runs, 1 hit, 0 errors, 2 left on base; Pompano Beach 0 - West Palm Beach 0 |
| BOTTOM OF THE 1ST |
|
West Palm Beach Expos batting - Pitching for Pompano Beach Stingrays : RHP Julian Gonzalez
|
|
Pitching: RHP Julian Gonzalez
|
|
|
Batting: RHB Roland Oruna
|
0-0: Ball 1-0: Ball 2-0: Called Strike 2-1: Ball 3-1: Swinging Strike 3-2: Base on Balls
|
|
Batting: SHB Terry Pendleton
|
0-0: Foul Ball, location: 2F 0-1: Ball 1-1: Reached on error, E6 (Groundball, 56, EV 78.1 MPH) Roland Oruna to second
|
|
Batting: RHB Steve Kiefer
|
0-0: Ball 1-0: Called Strike 1-1: Ball 2-1: Foul Ball, location: 2F 2-2: Fly out, F8 (Flyball, 8RD, EV 90.0 MPH) Runner from 2nd tags up, SAFE at 3rd with throw by CF
|
|
Batting: SHB Mark Pirruccello
|
0-0: Ball 1-0: Swinging Strike 1-1: Ball 2-1: Ball 3-1: Base on Balls Terry Pendleton to second
|
|
Batting: LHB Keith Hughes
|
0-0: Ball 1-0: Ball Wild Pitch! Roland Oruna scores Terry Pendleton to third Mark Pirruccello to second 2-0: SINGLE (Flyball, 4MD, EV 88.1 MPH) Terry Pendleton scores Mark Pirruccello to third
|
|
Batting: LHB Jesus Alfes
|
0-0: Fielders Choice at 2nd, 1-6 (Groundball, 13S, EV 63.1 MPH)
|
|
Batting: RHB Matthew Gundelfinger
|
0-0: Swinging Strike 0-1: Fly out, F9 (Flyball, 89D, EV 87.5 MPH)
|
| Bottom of the 1st over - 2 runs, 1 hit, 1 error, 2 left on base; Pompano Beach 0 - West Palm Beach 2 |
| TOP OF THE 2ND |
|
Pompano Beach Stingrays batting - Pitching for West Palm Beach Expos : RHP Bob L Gibson
|
|
Batting: LHB Steve Phillips
|
0-0: SINGLE (Line Drive, 78S, EV 106.3 MPH)
|
|
Batting: SHB Maury Ornest
|
0-0: Ball 1-0: SINGLE (Groundball, 6S, EV 75.6 MPH) (infield hit) Steve Phillips to second
|
|
Batting: RHB William Waag
|
0-0: SINGLE (Line Drive, 78S, EV 90.6 MPH) Steve Phillips to third Maury Ornest to second
|
|
Batting: RHB Whitney Harry
|
0-0: Called Strike 0-1: Swinging Strike 0-2: Ball 1-2: Strikes out looking
|
|
Batting: RHB Jorge Villalobos
|
0-0: Swinging Strike 0-1: Ball 1-1: Ball 2-1: Fly out, F7 (Flyball, 7D, EV 92.5 MPH) Runner from 3rd tags up, SCORES, no throw by LF Maury Ornest to third
|
|
Batting: SHB Gene Roof
|
0-0: Called Strike 0-1: Ball 1-1: Fly out, F7 (Flyball, 78M, EV 85.6 MPH)
|
| Top of the 2nd over - 1 run, 3 hits, 0 errors, 2 left on base; Pompano Beach 1 - West Palm Beach 2 |
| BOTTOM OF THE 2ND |
|
West Palm Beach Expos batting - Pitching for Pompano Beach Stingrays : RHP Julian Gonzalez
|
|
Batting: RHB Humberto Cardenas
|
0-0: Called Strike 0-1: Ball 1-1: Ground out 4-3 (Groundball, 4M, EV 81.3 MPH)
|
|
Batting: RHB Pat Adams
|
0-0: Foul Ball, location: 2F 0-1: Ball 1-1: Ball 2-1: Called Strike 2-2: Strikes out swinging
|
|
Batting: RHB Roland Oruna
|
0-0: Ball 1-0: Ball 2-0: Ball 3-0: Called Strike 3-1: Fly out, F6 (Line Drive, 6, EV 61.9 MPH)
|
| Bottom of the 2nd over - 0 runs, 0 hits, 0 errors, 0 left on base; Pompano Beach 1 - West Palm Beach 2 |
| TOP OF THE 3RD |
|
Pompano Beach Stingrays batting - Pitching for West Palm Beach Expos : RHP Bob L Gibson
|
|
Batting: RHB Lance Junker
|
0-0: Ball 1-0: Ball 2-0: Foul Ball, location: 2F 2-1: Ball 3-1: Foul Ball, location: 2F 3-2: Foul Ball, location: 2F 3-2: Strikes out looking
|
|
Batting: LHB Arnold McCrary
|
0-0: Ball 1-0: Called Strike 1-1: Fly out, F9 (Line Drive, 9D, EV 92.5 MPH)
|
|
Batting: RHB Mark Strucher
|
0-0: Called Strike 0-1: Ball 1-1: Called Strike 1-2: Ball 2-2: Foul Ball, location: 2F 2-2: Ball 3-2: Base on Balls
|
|
Batting: LHB Steve Phillips
|
0-0: SINGLE (Line Drive, 7S, EV 86.3 MPH) Mark Strucher to second
|
|
Batting: SHB Maury Ornest
|
0-0: Called Strike 0-1: Called Strike 0-2: Ground out U3 (Groundball, 3, EV 86.9 MPH)
|
| Top of the 3rd over - 0 runs, 1 hit, 0 errors, 2 left on base; Pompano Beach 1 - West Palm Beach 2 |
| BOTTOM OF THE 3RD |
|
West Palm Beach Expos batting - Pitching for Pompano Beach Stingrays : RHP Julian Gonzalez
|
|
Batting: SHB Terry Pendleton
|
0-0: Foul Ball, location: 2F 0-1: Fly out, F7 (Line Drive, 7S, EV 95.6 MPH)
|
|
Batting: RHB Steve Kiefer
|
0-0: Ball 1-0: TRIPLE (Flyball, 89XD, EV 98.8 MPH)
|
|
Batting: SHB Mark Pirruccello
|
0-0: Ball 1-0: Ball 2-0: Foul Ball, location: 2F 2-1: Ball 3-1: Base on Balls
|
|
Batting: LHB Keith Hughes
|
0-0: Called Strike 0-1: Ball 1-1: Ball 2-1: Ball 3-1: Swinging Strike 3-2: Foul Ball, location: 2F 3-2: Strikes out swinging
|
|
Batting: LHB Jesus Alfes
|
0-0: Called Strike 0-1: Ball 1-1: Ball 2-1: Ball 3-1: Foul Ball, location: 2F 3-2: Foul Ball, location: 2F 3-2: Base on Balls Mark Pirruccello to second
|
|
Batting: RHB Matthew Gundelfinger
|
0-0: Reached on error, E5 (Groundball, 56S, EV 90.0 MPH) Steve Kiefer scores Mark Pirruccello scores Jesus Alfes to third
|
|
Batting: RHB Humberto Cardenas
|
0-0: Called Strike 0-1: Called Strike 0-2: Strikes out swinging
|
| Bottom of the 3rd over - 2 runs, 1 hit, 1 error, 2 left on base; Pompano Beach 1 - West Palm Beach 4 |
| TOP OF THE 4TH |
|
Pompano Beach Stingrays batting - Pitching for West Palm Beach Expos : RHP Bob L Gibson
|
|
Batting: RHB William Waag
|
0-0: Called Strike 0-1: Fly out, F7 (Flyball, 78S, EV 65.0 MPH)
|
|
Batting: RHB Whitney Harry
|
0-0: Swinging Strike 0-1: Fly out, F8 (Flyball, 8RS, EV 88.8 MPH)
|
|
Batting: RHB Jorge Villalobos
|
0-0: Foul Ball, location: 2F 0-1: Foul Ball, location: 2F 0-2: SINGLE (Groundball, 5L, EV 96.9 MPH)
|
|
Batting: SHB Gene Roof
|
0-0: Ball 1-0: Fly out, F8 (Flyball, 78XD, EV 98.1 MPH)
|
| Top of the 4th over - 0 runs, 1 hit, 0 errors, 1 left on base; Pompano Beach 1 - West Palm Beach 4 |
| BOTTOM OF THE 4TH |
|
West Palm Beach Expos batting - Pitching for Pompano Beach Stingrays : RHP Julian Gonzalez
|
|
Batting: RHB Pat Adams
|
0-0: Ground out 1-3 (Groundball, 13, EV 63.8 MPH)
|
|
Batting: RHB Roland Oruna
|
0-0: Called Strike 0-1: Called Strike 0-2: Ball 1-2: Ball 2-2: Strikes out swinging
|
|
Batting: SHB Terry Pendleton
|
0-0: Foul Ball, location: 2F 0-1: SINGLE (Flyball, 5D, EV 92.5 MPH)
|
|
Batting: RHB Steve Kiefer
|
0-0: Foul Ball, location: 2F 0-1: SINGLE (Flyball, 8LS, EV 93.8 MPH) Terry Pendleton to second Runner from 2nd tries for 3rd, SAFE, throw by CF made to third
|
|
Batting: SHB Mark Pirruccello
|
0-0: Called Strike 0-1: Ground out 4-3 (Groundball, 4, EV 81.3 MPH)
|
| Bottom of the 4th over - 0 runs, 2 hits, 0 errors, 2 left on base; Pompano Beach 1 - West Palm Beach 4 |
| TOP OF THE 5TH |
|
Pompano Beach Stingrays batting - Pitching for West Palm Beach Expos : RHP Bob L Gibson
|
|
Batting: RHB Lance Junker
|
0-0: Ball 1-0: Swinging Strike 1-1: Fly out, F3 (Flyball, 3D, EV 91.9 MPH)
|
|
Batting: LHB Arnold McCrary
|
0-0: Ground out 4-3 (Groundball, 4S, EV 78.8 MPH)
|
|
Batting: RHB Mark Strucher
|
0-0: Called Strike 0-1: Called Strike 0-2: Foul Ball, location: 2F 0-2: Ground out U3 (Groundball, 13, EV 77.5 MPH)
|
| Top of the 5th over - 0 runs, 0 hits, 0 errors, 0 left on base; Pompano Beach 1 - West Palm Beach 4 |
| BOTTOM OF THE 5TH |
|
West Palm Beach Expos batting - Pitching for Pompano Beach Stingrays : RHP Julian Gonzalez
|
|
Batting: LHB Keith Hughes
|
0-0: Ball 1-0: Called Strike 1-1: Ground out 4-3 (Groundball, 34, EV 99.4 MPH)
|
|
Batting: LHB Jesus Alfes
|
0-0: Called Strike 0-1: Ball 1-1: DOUBLE (Line Drive, 78D, EV 112.5 MPH)
|
|
Batting: RHB Matthew Gundelfinger
|
0-0: Ground out 5-3 (Groundball, 56S, EV 84.4 MPH)
|
|
Batting: RHB Humberto Cardenas
|
0-0: Swinging Strike 0-1: Foul Ball, location: 2F 0-2: Strikes out swinging
|
| Bottom of the 5th over - 0 runs, 1 hit, 0 errors, 1 left on base; Pompano Beach 1 - West Palm Beach 4 |
| TOP OF THE 6TH |
|
Pompano Beach Stingrays batting - Pitching for West Palm Beach Expos : RHP Bob L Gibson
|
|
Batting: LHB Steve Phillips
|
0-0: Foul Ball, location: 2F 0-1: Swinging Strike 0-2: Ball 1-2: SINGLE (Line Drive, 34D, EV 95.0 MPH)
|
|
Batting: SHB Maury Ornest
|
0-0: Ball 1-0: Called Strike 1-1: Called Strike 1-2: Foul Ball, location: 2F 1-2: Foul Ball, location: 2F 1-2: Ball 2-2: Ball 3-2: Fly out, F7 (Flyball, 7D, EV 98.1 MPH)
|
|
Batting: RHB William Waag
|
0-0: Called Strike 0-1: Ball Steve Phillips is caught stealing 2nd base 2-4 1-1: Called Strike 1-2: Strikes out swinging
|
| Top of the 6th over - 0 runs, 1 hit, 0 errors, 0 left on base; Pompano Beach 1 - West Palm Beach 4 |
| BOTTOM OF THE 6TH |
|
West Palm Beach Expos batting - Pitching for Pompano Beach Stingrays : RHP Julian Gonzalez
|
|
Batting: RHB Pat Adams
|
0-0: Ball 1-0: Foul Ball, location: 2F 1-1: Ball 2-1: Called Strike 2-2: Foul Ball, location: 2F 2-2: Ball 3-2: Strikes out looking
|
|
Batting: RHB Roland Oruna
|
0-0: Called Strike 0-1: Ball 1-1: Ground out U3 (Groundball, 34S, EV 81.3 MPH)
|
|
Batting: SHB Terry Pendleton
|
0-0: Ball 1-0: Ball 2-0: Fly out, F2 (Popup, 25F, EV 85.6 MPH)
|
| Bottom of the 6th over - 0 runs, 0 hits, 0 errors, 0 left on base; Pompano Beach 1 - West Palm Beach 4 |
| TOP OF THE 7TH |
|
Pompano Beach Stingrays batting - Pitching for West Palm Beach Expos : RHP Bob L Gibson
|
|
Batting: RHB Whitney Harry
|
0-0: Foul Ball, location: 2F 0-1: Ball 1-1: Ball 2-1: Called Strike 2-2: SOLO HOME RUN (Flyball, 7D, EV 112.5 MPH), Distance : 375 ft
|
|
Batting: RHB Jorge Villalobos
|
0-0: Ball 1-0: Ball 2-0: Foul Ball, location: 2F 2-1: SOLO HOME RUN (Flyball, 7D, EV 85.0 MPH), Distance : 363 ft
|
|
Batting: SHB Gene Roof
|
0-0: Ball 1-0: Fly out, F9 (Flyball, 89S, EV 75.6 MPH)
|
|
Batting: RHB Lance Junker
|
0-0: Ball 1-0: Fly out, F7 (Flyball, 78D, EV 78.8 MPH)
|
|
Batting: LHB Arnold McCrary
|
0-0: Fly out, F9 (Line Drive, 9D, EV 90.0 MPH)
|
| Top of the 7th over - 2 runs, 2 hits, 0 errors, 0 left on base; Pompano Beach 3 - West Palm Beach 4 |
| BOTTOM OF THE 7TH |
|
West Palm Beach Expos batting - Pitching for Pompano Beach Stingrays : RHP Julian Gonzalez
|
|
Batting: RHB Steve Kiefer
|
0-0: Ball 1-0: Ball 2-0: Foul Ball, location: 2F 2-1: Called Strike 2-2: Foul Ball, location: 2F 2-2: Foul Ball, location: 2F 2-2: Ball 3-2: Foul Ball, location: 2F 3-2: Base on Balls
|
|
Batting: SHB Mark Pirruccello
|
0-0: Ball 1-0: Fly out, F7 (Flyball, 7S, EV 81.9 MPH)
|
|
Batting: LHB Keith Hughes
|
0-0: Ball 1-0: Foul Ball, location: 2F 1-1: Called Strike 1-2: Foul Ball, location: 2F 1-2: Ball 2-2: Foul Ball, location: 2F 2-2: Strikes out looking
|
|
Batting: LHB Jesus Alfes
|
0-0: Ball 1-0: Foul Ball, location: 2F 1-1: Ball Steve Kiefer steals 2nd base 2-1: SINGLE (Line Drive, 4MD, EV 93.8 MPH) Steve Kiefer to third Runner from 3rd tries for Home, SAFE, throw by CF to home
|
|
Batting: RHB Matthew Gundelfinger
|
0-0: Ball 1-0: Ball 2-0: Ball 3-0: Base on Balls Jesus Alfes to second
|
|
Batting: RHB Humberto Cardenas
|
0-0: Ball 1-0: Ball 2-0: Called Strike 2-1: Ball 3-1: Foul Ball, location: 2F 3-2: Foul Ball, location: 2F 3-2: Foul Ball, location: 2F 3-2: Foul Ball, location: 2F 3-2: Base on Balls Jesus Alfes to third Matthew Gundelfinger to second
|
|
Batting: RHB Pat Adams
|
0-0: Fly out, F8 (Flyball, 78M, EV 91.9 MPH)
|
| Bottom of the 7th over - 1 run, 1 hit, 0 errors, 3 left on base; Pompano Beach 3 - West Palm Beach 5 |
| TOP OF THE 8TH |
|
Pompano Beach Stingrays batting - Pitching for West Palm Beach Expos : RHP Bob L Gibson
|
|
Batting: RHB Mark Strucher
|
0-0: Called Strike 0-1: Fly out, F7 (Flyball, 7, EV 88.8 MPH)
|
|
Batting: LHB Steve Phillips
|
0-0: Ball 1-0: Fly out, F7 (Flyball, 7, EV 90.6 MPH)
|
|
Batting: SHB Maury Ornest
|
0-0: Called Strike 0-1: Ball 1-1: Ball 2-1: Fly out, F2 (Popup, 23F, EV 85.6 MPH)
|
| Top of the 8th over - 0 runs, 0 hits, 0 errors, 0 left on base; Pompano Beach 3 - West Palm Beach 5 |
| BOTTOM OF THE 8TH |
|
West Palm Beach Expos batting - Pitching for Pompano Beach Stingrays : RHP Julian Gonzalez
|
|
Pitching: RHP Scott Dye
|
|
|
Batting: RHB Roland Oruna
|
0-0: Called Strike 0-1: Foul Ball, location: 2F 0-2: Ball 1-2: Fly out, F8 (Line Drive, 8RD, EV 86.9 MPH)
|
|
Batting: SHB Terry Pendleton
|
0-0: Ball 1-0: Ball 2-0: Reached on error, E5 (Groundball, 5L, EV 106.9 MPH)
|
|
Batting: RHB Steve Kiefer
|
0-0: DOUBLE (Groundball, 5L, EV 101.3 MPH) Terry Pendleton to third
|
|
Batting: SHB Mark Pirruccello
|
0-0: Called Strike 0-1: Ball 1-1: Ball 2-1: Ball 3-1: Ground out 1-3 (Groundball, 15, EV 70.6 MPH)
|
|
Batting: LHB Keith Hughes
|
0-0: Ball 1-0: Foul Ball, location: 2F 1-1: Foul Ball, location: 2F 1-2: Ball 2-2: Foul Ball, location: 2F 2-2: Fly out, F8 (Flyball, 8RD, EV 101.9 MPH)
|
| Bottom of the 8th over - 0 runs, 1 hit, 1 error, 2 left on base; Pompano Beach 3 - West Palm Beach 5 |
| TOP OF THE 9TH |
|
Pompano Beach Stingrays batting - Pitching for West Palm Beach Expos : RHP Bob L Gibson
|
|
Pitching: RHP Michael Vint
|
|
|
Batting: RHB William Waag
|
0-0: Foul Ball, location: 2F 0-1: Ball 1-1: Ground out 5-3 (Groundball, 56S, EV 83.1 MPH)
|
|
Batting: RHB Whitney Harry
|
0-0: Fly out, F7 (Flyball, 7, EV 87.5 MPH)
|
|
Batting: RHB Jorge Villalobos
|
0-0: Ball 1-0: Swinging Strike 1-1: Ball 2-1: Ball 3-1: Foul Ball, location: 2F 3-2: DOUBLE (Groundball, 5L, EV 106.9 MPH)
|
|
Batting: SHB Gene Roof
|
0-0: Ball 1-0: Called Strike 1-1: Ball 2-1: Foul Ball, location: 2F 2-2: Fly out, F7 (Line Drive, 7D, EV 96.9 MPH)
|
| Top of the 9th over - 0 runs, 1 hit, 0 errors, 1 left on base; Pompano Beach 3 - West Palm Beach 5 |
|